 Dungeon Crawl Stone Soup version 0.25.0-1-g7eea58d2a3 (webtiles) character file.

Game seed: 9515857866462814013

15210 Delamore the Bludgeoner (level 12, -5/75 HPs)
             Began as a Gargoyle Fighter on June 13, 2020.
             Was an Elder of Okawaru.
             Slain by Gastronok (24 damage)
             ... on level 2 of the Lair of Beasts.
             The game lasted 00:16:34 (13111 turns).

Delamore the Bludgeoner (Gargoyle Fighter)         Turns: 13111, Time: 00:16:35

Health: -5/75      AC: 33    Str: 32    XL:     12   Next: 24%
Magic:  12/12      EV:  6    Int: 14    God:    Okawaru [****..]
Gold:   580        SH: 14    Dex:  9    Spells: 11/11 levels left

rFire    + . .     SeeInvis .   D - +3 flail (protect)
rCold    + . .     Gourm    .   F - +2 kite shield
rNeg     + . .     Faith    +   P - +0 plate armour
rPois    ∞         Spirit   .   o - +0 helmet
rElec    +         Reflect  .   n - scarf {rC+ rF+}
rCorr    .         Harm     .   Y - +1 pair of gloves
MR       .....                  r - +2 pair of boots {Stlth+}
Stlth    ..........             Z - amulet of faith
HPRegen  0.22/turn              s - +6 ring of intelligence
MPRegen  0.13/turn              O - +6 ring of strength

@: protection aura, slowed, very slow
A: negative energy resistance 1, electricity resistance, unbreathing,
petrification resistance, rot immunity, AC +8
a: Heroism, Renounce Religion


You were on level 2 of the Lair of Beasts.
You worshipped Okawaru.
Okawaru was greatly pleased with you.
You were not hungry.

You visited 3 branches of the dungeon, and saw 14 of its levels.
You visited 1 bazaar.

You collected 764 gold pieces.
You spent 184 gold pieces at shops.

Inventory:

Hand Weapons
 a - a +0 flail
 D - a +3 flail of protection (weapon)
Missiles
 J - 5 javelins (quivered)
Armour
 n - a scarf of resistance (worn)
 o - a +0 helmet (worn)
 r - a +2 pair of boots of stealth (worn)
 F - a +2 kite shield (worn)
 P - a +0 plate armour (worn)
 X - a +2 scale mail of cold resistance
 Y - a +1 pair of gloves (worn)
Jewellery
 s - a +6 ring of intelligence (left hand)
 w - an uncursed amulet of guardian spirit
 O - a +6 ring of strength (right hand)
 Z - an amulet of faith (around neck)
Wands
 t - a wand of acid (11)
 K - a wand of enslavement (12)
 L - a wand of disintegration (10)
 M - a wand of iceblast (11)
 T - a wand of flame (44)
 V - a wand of polymorph (15)
Scrolls
 b - 4 scrolls of identify
 c - a scroll of vulnerability {unknown}
 e - 5 scrolls of enchant weapon
 g - 2 scrolls of blinking
 j - 2 scrolls of amnesia
 m - 5 scrolls of fog
 x - 2 scrolls of magic mapping
 z - 9 scrolls of remove curse
 A - 9 scrolls of teleportation
 H - 2 scrolls of fear
 Q - a scroll of enchant armour {unknown}
 R - a scroll of holy word {unknown}
 S - a scroll of silence
 U - a scroll of immolation {unknown}
 W - a scroll of noise {unknown}
Potions
 d - 4 potions of might
 h - 3 potions of lignification {unknown}
 i - a potion of flight
 l - a potion of cancellation
 p - 2 potions of heal wounds
 q - 3 potions of brilliance
 u - 6 potions of curing {unknown}
 v - 2 potions of haste
 C - a potion of degeneration
 E - 2 potions of stabbing {unknown}
 G - a potion of invisibility
 N - 3 potions of mutation {unknown}
Comestibles
 f - 30 rations
 k - 6 chunks of flesh


   Skills:
 + Level 8.5 Fighting
 - Level 16.0 Maces & Flails
 - Level 3.2 Armour
 + Level 8.5 Shields


You had 11 spell levels left.
You didn't know any spells.
Your spell library contained the following spells:

 Spells                   Type           Power        Failure   Level  Hunger
 Foxfire                  Conj/Fire      #...         99%         1    ##.....
 Confusing Touch          Hex            #.......     100%        3    ####...
 Conjure Flame            Conj/Fire      #.......     100%        3    ####...
 Gell's Gravitas          Tloc           #.........   100%        3    ####...
 Inner Flame              Hex/Fire       #.......     100%        3    ####...
 Petrify                  Tmut/Erth      #.......     100%        4    #####..
 Sticky Flame             Conj/Fire      #.......     100%        4    #####..
 Fireball                 Conj/Fire      #.........   100%        5    ######.
 Metabolic Englaciation   Hex/Ice        #.........   100%        5    ######.
 Yara's Violent Unravell  Hex/Tmut       #.........   100%        5    ######.


Dungeon Overview and Level Annotations

Branches:
Dungeon (11/15)            Temple (1/1) D:4            Lair (2/6) D:9
    Orc (0/2) D:11
  Swamp: Lair:2-4    Shoals: Lair:2-4     Snake: Lair:2-4    Spider: Lair:2-4

Altars:
Ashenzari
Cheibriados
Dithmenos
Elyvilon
Fedhas
Gozag
Hepliaklqana
Kikubaaqudgha
Makhleb
Nemelex Xobeh
Okawaru
Qazlal
Ru
Sif Muna
Trog
Uskayaw
Vehumet
Wu Jian
Xom
Yredelemnul
Zin
The Shining One

Shops:
D:6 ?   D:8 ?

Annotations:
Lair:2 Gastronok


Innate Abilities, Weirdness & Mutations

You are resistant to torment.
Your stone body is resilient. (AC +8)
You are immune to poison.
You resist negative energy. (rN+)
You are resistant to electric shocks. (rElec)
You can survive without breathing.
You are immune to petrification.
You are immune to rotting.


Message History

You are too injured to fight recklessly!
You are too injured to fight recklessly!
Gastronok is nearby!
You thump Gastronok!
Gastronok is heavily wounded.
You hit Gastronok.
Gastronok is severely wounded.
Gastronok bites you but does no damage.
You bludgeon Gastronok!!
Gastronok is severely wounded.
Gastronok bites you!!
* * * LOW HITPOINT WARNING * * *
You hit Gastronok.
Gastronok is severely wounded.
You feel much better. Gastronok bites you!!
* * * LOW HITPOINT WARNING * * *
You hit Gastronok but do no damage.
Gastronok is severely wounded.
Gastronok bites you!!
You die...

##........#....##.....# ##
#........#######....##
P######.......########....#
..............#.#.##......#
..........................#
........##P.###............#
P####...# ### #...........##
## #...# #...........#
##....# #w@.........#
......................#
.......................#
.......................#
###P#######.##.#.###.## ##
## ##### ##


You could see Gastronok.

Vanquished Creatures
  2 hydras
  Erica (Lair:1)
  A two-headed ogre (D:8)
  An unseen horror (D:8)
  A cyclops (D:7)
  A black mamba (Lair:1)
  A spiny frog (Lair:2)
  A gargoyle (D:10)
  3 komodo dragons
  A troll (D:11)
  A hornet (D:11)
  2 polar bears
  Prince Ribbit (D:6)
  A dream sheep (Lair:2)
  4 hippogriffs
  A spriggan (D:9)
  4 yaks (D:11)
  2 humans (D:8)
  A wyvern (D:8)
  2 hungry ghosts
  Eustachio (D:5)
  Edmund (D:4)
  Menkaure (D:7)
  A soldier ant (D:11)
  6 water moccasins
  6 porcupines
  5 orc warriors
  2 ice beasts
  A phantom (D:4)
  4 ogres
  6 wolves (Lair:2)
  3 centaurs
  6 crocodiles
  A big kobold (D:7)
  6 bullfrogs
  A gnoll sergeant (D:5)
  A scorpion (D:5)
  9 killer bees
  11 wights
  2 howler monkeys
  A centaur zombie (D:5)
  2 crimson imps
  4 hounds
  3 orc priests
  A quasit (D:10)
  2 bullfrog skeletons
  A centaur skeleton (D:4)
  2 jellies
  4 orc wizards
  6 iguanas
  Jessica (D:2)
  5 worker ants
  5 hell rats (Lair:2)
  A hound skeleton (D:9)
  Robin (D:3)
  A worker ant zombie (D:7)
  7 gnolls
  5 adders
  6 river rats (Lair:2)
  A shadow imp (D:7)
  3 worms
  2 dart slugs
  4 leopard geckos
  17 orcs
  2 ball pythons
  9 bats
  6 giant cockroaches
  13 goblins
  16 hobgoblins
  9 jackals
  10 kobolds
  3 quokkas
  6 frilled lizards
  A jackal skeleton (D:8)
  2 leopard gecko skeletons
  A quokka skeleton (D:6)
  13 rats
282 creatures vanquished.

Vanquished Creatures (others)
  An orc wizard (D:5)
1 creature vanquished.

Grand Total: 283 creatures vanquished

Notes
Turn   | Place    | Note
-------+----------+-------------------------------------------
     0 | D:1      | Delamore the Gargoyle Fighter began the quest for the Orb.
     0 | D:1      | Reached XP level 1. HP: 14/14 MP: 1/1
    96 | D:1      | Reached XP level 2. HP: 15/19 MP: 2/2
   122 | D:1      | Reached skill level 3 in Maces & Flails
   746 | D:1      | Reached XP level 3. HP: 23/23 MP: 3/3
  1338 | D:2      | Noticed Jessica
  1358 | D:2      | Killed Jessica
  1358 | D:2      | Reached skill level 4 in Maces & Flails
  1358 | D:2      | Reached XP level 4. HP: 20/28 MP: 4/4
  2145 | D:3      | Reached skill level 5 in Maces & Flails
  2145 | D:3      | Reached XP level 5. HP: 30/32 MP: 3/5
  2401 | D:3      | Noticed Robin
  2428 | D:3      | Killed Robin
  2865 | D:3      | Found a basalt altar of Yredelemnul.
  2887 | D:3      | Found a hide-covered altar of Uskayaw.
  2902 | D:3      | Found a snail-covered altar of Cheibriados.
  3086 | D:4      | Noticed a phantom
  3113 | D:4      | Reached skill level 6 in Maces & Flails
  3349 | D:4      | Killed a phantom
  3349 | D:4      | Reached XP level 6. HP: 37/37 MP: 6/6
  3487 | D:4      | Reached skill level 7 in Maces & Flails
  3591 | D:4      | Reached XP level 7. HP: 36/41 MP: 5/7
  3626 | D:4      | Noticed Edmund
  3656 | D:4      | Killed Edmund
  3739 | D:4      | Found a staircase to the Ecumenical Temple.
  3767 | Temple   | Entered the Ecumenical Temple
  4117 | D:4      | Reached skill level 8 in Maces & Flails
  4472 | D:5      | Entered Level 5 of the Dungeon
  4678 | D:5      | Reached skill level 9 in Maces & Flails
  4678 | D:5      | Reached XP level 8. HP: 36/46 MP: 5/8
  4750 | D:5      | Noticed Eustachio
  4847 | D:5      | Killed Eustachio
  4847 | D:5      | Reached skill level 10 in Maces & Flails
  5175 | D:5      | Found a glowing silver altar of Zin.
  5448 | D:6      | Reached skill level 11 in Maces & Flails
  5503 | D:6      | Found Ciumnu's Magic Scroll Shop.
  5509 | D:6      | Bought a scroll of fog for 26 gold pieces
  5509 | D:6      | Bought a scroll of magic mapping for 45 gold pieces
  5509 | D:6      | Bought a scroll of identify for 26 gold pieces
  5509 | D:6      | Bought a scroll of fear for 45 gold pieces
  5530 | D:6      | Reached XP level 9. HP: 51/51 MP: 9/9
  5551 | D:6      | Noticed Prince Ribbit
  5685 | D:6      | Killed Prince Ribbit
  6053 | D:6      | Found an opulent altar of Gozag.
  6058 | D:6      | Found a shimmering altar of Xom.
  6336 | D:6      | Reached skill level 12 in Maces & Flails
  6809 | D:7      | Noticed Menkaure
  6817 | D:7      | Killed Menkaure
  7309 | D:7      | Noticed a cyclops
  7327 | D:7      | Killed a cyclops
  7327 | D:7      | Reached skill level 13 in Maces & Flails
  7612 | D:8      | Reached XP level 10. HP: 53/56 MP: 10/10
  7683 | D:8      | Found Kooxaeq's Magic Scroll Boutique.
  7691 | D:8      | Bought a scroll of teleportation for 42 gold pieces
  7863 | D:8      | Noticed a two-headed ogre
  7872 | D:8      | Killed a two-headed ogre
  7872 | D:8      | Reached skill level 14 in Maces & Flails
  7983 | D:8      | Killed an unseen horror
  8303 | D:8      | Found a sparkling altar of Nemelex Xobeh.
  8529 | D:8      | Found an iron altar of Okawaru.
  8554 | D:8      | Became a worshipper of Warmaster Okawaru
  8917 | D:9      | Reached skill level 15 in Maces & Flails
  9337 | D:9      | Found a shattered altar of Ashenzari.
  9533 | D:9      | Found a staircase to the Lair.
  9718 | D:10     | Entered Level 10 of the Dungeon
  9765 | D:10     | Reached * piety under Okawaru
  9765 | D:10     | Reached XP level 11. HP: 60/60 MP: 11/11
 10335 | D:10     | Found a bloodstained altar of Trog.
 10364 | D:9      | Reached skill level 16 in Maces & Flails
 10665 | D:11     | Reached ** piety under Okawaru
 10709 | D:11     | Found a gate leading to a gauntlet.
 10729 | D:11     | Found a staircase to the Orcish Mines.
 10823 | D:11     | Found a flickering gateway to a bazaar.
 10836 | Bazaar   | Entered a bazaar
 10915 | Bazaar   | Found Pavy's Weapon Shop.
 10934 | Bazaar   | Found Niopn's Food Boutique.
 10934 | Bazaar   | Found Zyligropt's Weapon Boutique.
 10961 | Bazaar   | Found Vasao's Jewellery Boutique.
 11190 | D:11     | Noticed a cyclops
 11207 | D:11     | Reached skill level 5 in Fighting
 11207 | D:11     | Reached skill level 5 in Shields
 11387 | Lair:1   | Entered Level 1 of the Lair of Beasts
 11428 | Lair:1   | Noticed Erica
 11443 | Lair:1   | Reached *** piety under Okawaru
 11445 | Lair:1   | Killed Erica
 11688 | Lair:1   | Noticed a six-headed hydra
 11703 | Lair:1   | Killed a six-headed hydra
 11858 | Lair:1   | Reached **** piety under Okawaru
 12326 | Lair:2   | Reached XP level 12. HP: 71/72 MP: 12/12
 12330 | Lair:2   | Received a gift from Okawaru
 12579 | Lair:2   | Noticed a seven-headed hydra
 12592 | Lair:2   | Killed a seven-headed hydra
 13093 | Lair:2   | Noticed Gastronok
 13111 | Lair:2   | Slain by Gastronok

Illustrated notes

Levels and vault maps discovered:
D:1:      lightli_arrival_maybe_door_vault, layout_loops_corners, st_stairs_9,
          minmay_shallow_snake_nest
D:2:      layout_loops_cross, hangedman_decor_peaks_small, nrook_loot_triangle,
          minmay_misc_feat_rows, corner_web_ring, uniq_jessica
D:3:      layout_loops_corners, minmay_overflow_temple_star_quad,
          minmay_misc_feat_room, uniq_robin
D:4:      layout_basic, minmay_temple_entry_glassed_door, minivault_26,
          kennysheep_generic_room_8, uniq_edmund
D:5:      layout_loops_cross, zin_statuary, first_ration, sword_in_stone
D:6:      layout_basic, minitemple, serial_shops, shop, moated_statue,
          uniq_prince_ribbit1
D:7:      layout_cave_pods, uniq_menkaure
D:8:      layout_loops_ring, okawaru_humans, lemuel_doored_altar, serial_shops,
          nicolae_shop_competitors_out_of_business
D:9:      layout_cave_pools, ashenzari_conservatory_becter, lair_entry_dummy,
          the_bakery
D:10:     layout_cave_pools, trog_ov_bears_minmay
D:11:     layout_loops_ring, david_orc_3, serial_shops, bzr_in_the_mist,
          gauntlet_entry_generic, minivault_25_ag, grunt_gozag_breadcrumbs
Temple:   oiseaux_autumnal_temple
Lair:1:   layout_big_grid, chequers_serial_rivers_room_a, uniq_erica
Lair:2:   layout_chaotic_city, kennysheep_abandoned_house, lemuel_fruit_fields,
          uniq_gastronok

Skill      XL: |  1  2  3  4  5  6  7  8  9 10 11 12 |
---------------+-------------------------------------+-----
Maces & Flails | 3 4 5 6 7 9 11 13 15 16 | 16.0
Fighting       | 7 8 |  8.5
Shields        | 7 8 |  8.5
Armour         | |  3.2

Action                   |  1- 3 |  4- 6 |  7- 9 | 10-12 || total
-------------------------+-------+-------+-------+-------++-------
Melee: Flail             |   123 |   291 |   432 |   698 ||  1544
Throw: Javelin           |       |       |       |     4 ||     4
  Use: Scroll            |       |       |     8 |     5 ||    13
       Potion            |       |       |       |     2 ||     2
  Eat: Chunk             |     2 |     7 |    13 |    17 ||    39
       Ration            |       |       |       |     2 ||     2
Armor: Scale mail        |    72 |   181 |     8 |       ||   261
       Chain mail        |       |       |   188 |   210 ||   398
       Plate armour      |       |       |       |   306 ||   306
Dodge: Dodged            |    38 |   105 |    72 |   118 ||   333
Block: Kite shield       |    76 |   165 |   193 |   406 ||   840
